 Dungeon Crawl Stone Soup version 0.30-a0-1050-g2766ea1e55 (webtiles) character file.

Game seed: 7719006199907921832

16 Arcadio the Grave Robber (level 2, -9/20 HPs)
             Began as a Ghoul Necromancer on Apr 10, 2023.
             Mangled by a gnoll
             ... wielding a +0 flail
              (11 damage)
             ... on level 1 of the Dungeon.
             The game lasted 00:02:24 (539 turns).

Arcadio the Grave Robber (Ghoul Necromancer)         Turns: 539, Time: 00:02:25

Health: -9/20      AC:  4    Str: 11    XL:     2   Next: 54%
Magic:  0/4        EV: 12    Int: 10    God:
Gold:   4          SH:  0    Dex:  9    Spells: 4/5 levels left

rFire   . . .      SeeInvis .    (no weapon)
rCold   + . .      Faith    .    (no shield)
rNeg    + + +      Spirit   .    a - +0 robe
rPois   ∞          Reflect  .    j - +0 helmet
rElec   .          Rampage  .    (no cloak)
rCorr   .                        (no gloves)
Will    .....                    f - +0 pair of boots
Stlth   ++                       (no amulet)
HPRegen 0.00/turn                (no ring)
MPRegen 0.09/turn                (no ring)

@: inhibited regen
A: claws 1, cold resistance 1, negative energy resistance 3, inhibited
regeneration, torment resistance 2, devour on kill
a: no special abilities


You were on level 1 of the Dungeon.
You visited 1 branch of the dungeon, and saw 1 of its levels.

You collected 4 gold pieces.

Inventory:

Armour
 a - a +0 robe (worn)
 f - a +0 pair of boots (worn)
 j - a +0 helmet (worn)
Jewellery
 c - an amulet of the acrobat
 k - an amulet of guardian spirit
Scrolls
 d - a scroll of immolation {unknown}
 h - a scroll of blinking {unknown}
 l - a scroll of teleportation {unknown}
Potions
 b - a potion of magic
 g - a potion of heal wounds
 i - a potion of might {unknown}


   Skills:
 + Level 2.1 Dodging
 - Level 2.1 Stealth
 + Level 2.1 Spellcasting
 + Level 4.2 Necromancy


You had 4 spell levels left.
You knew the following spells:

 Your Spells              Type           Power      Damage    Failure   Level
a - Necrotise             Necr           36%        1d5       5%          1

Your spell library contained the following spells:

 Spells                   Type           Power      Damage    Failure   Level
 Vampiric Draining        Necr           9%         2d6       16%         3
 Animate Dead             Necr           9%         N/A       47%         4
 Agony                    Necr           9%         N/A       83%         5
 Summon Hydra             Summ           0%         N/A       100%        7
 Sublimation of Blood     Necr           Unusable   N/A       N/A         2
 Wereblood                Tmut           Unusable   N/A       N/A         2

Dungeon Overview and Level Annotations

Branches:
Dungeon (1/15) Zot: 5461

Altars:


Innate Abilities, Weirdness & Mutations

You are immune to poison.
You have sharp fingernails.
Your flesh is cold resistant. (rC+)
You are immune to negative energy. (rN+++)
You do not regenerate when monsters are visible.
You are immune to unholy pain and torment.
You thrive by killing the living.


Message History

A nearby plant withers and dies.
A nearby plant withers and dies.
Your magical contamination has completely faded away.
Casting: Necrotise (safe; 5% risk of failure)
Confirm with . or Enter, or press ? or * to list all spells.
Aiming: Necrotise (safe; 5% risk of failure)
Press: ? - help, Shift-Dir - straight line, f/p - gnoll
Aim: a gnoll, wielding a +0 flail (chance to affect: 69%)
The gnoll writhes in agony.
The gnoll closely misses you. The gnoll attacks as you move away!
The gnoll closely misses you.
You scratch the gnoll but do no damage.
The gnoll is lightly wounded.
The gnoll hits you with a +0 flail.
It was a potion of heal wounds.
You feel much better. The gnoll hits you with a +0 flail.
It was a potion of curing.
You feel better. The gnoll barely misses you.
Casting: Necrotise (safe; 5% risk of failure)
Confirm with . or Enter, or press ? or * to list all spells.
Aiming: Necrotise (safe; 5% risk of failure)
Press: ? - help, Shift-Dir - straight line, f/p - gnoll
Aim: a gnoll, wielding a +0 flail (lightly wounded, chance to affect: 69%)
The gnoll struggles to resist.
The gnoll hits you but does no damage. The rat barely misses you.
You barely miss the gnoll.
The gnoll is lightly wounded.
The gnoll barely misses you. The rat bites you but does no damage.
You scratch the gnoll.
The gnoll is moderately wounded.
The gnoll barely misses you. The rat bites you but does no damage.
You closely miss the rat. The gnoll hits you with a +0 flail!
The rat barely misses you.
You closely miss the rat. The gnoll hits you with a +0 flail!
Ouch! That really hurt!
* * * LOW HITPOINT WARNING * * *
The rat bites you but does no damage. The rat attacks as you move away!
The rat barely misses you. The rat attacks as you move away!
The rat closely misses you. The gnoll attacks as you move away!
The gnoll hits you with a +0 flail!
Ouch! That really hurt!
You die...

#.. #.. #.. ########### #r.
#.........# #.. #.........# #..
#.>.......# #.. #####
#.........##### ##.. ....##
#.......@g....#### ###..# .....##
#........r.......###.r.##
......###.........####.#.##..###
..............§§§.# #.#.....##
.......#####..§§..# #.####......
......######.#########.####.#####
...............................#.
......###.........##.........#...
......##........#.............#


You could see a gnoll and a rat.

Vanquished Creatures
  3 bats (D:1)
  2 endoplasms (D:1)
  A giant cockroach (D:1)
  A hobgoblin (D:1)
  3 quokkas (D:1)
  A ball python (D:1)
  2 frilled lizards (D:1)
  2 rats (D:1)
15 creatures vanquished.

Vanquished Creatures (others)
  3 plants (D:1)
3 creatures vanquished.

Grand Total: 18 creatures vanquished

Notes
Turn   | Place    | Note
-------+----------+-------------------------------------------
     0 | D:1      | Arcadio the Ghoul Necromancer began the quest for the Orb.
     0 | D:1      | Reached XP level 1. HP: 14/14 MP: 2/2
   188 | D:1      | Reached XP level 2. HP: 20/20 MP: 0/4
   306 | D:1      | Found a faded altar of an unknown god.
   539 | D:1      | Mangled by a gnoll

Illustrated notes

Levels and vault maps discovered:
D:1:      heliophobic_arrival_henge, layout_rooms,
          ebering_ecumenical_altar_mist, minmay_misc_feat_x,
          nicolae_grassy_gnolls

Skill      XL: |  1 |
---------------+----+-----
Dodging        | 2 |  2.1
Spellcasting   | 2 |  2.1
Stealth        | |  2.1
Necromancy     | |  4.2

Action                     || total
---------------------------++-------
  Melee: Unarmed           ||    34
   Cast: Necrotise         ||    18
    Use: Potion            ||     2
 Armour: Robe              ||    12
  Dodge: Dodged            ||    41

Table legend: (Time is in decaauts)
 A = Elapsed time spent in this place.
 B = Non-inter-level travel time spent in this place.
 C = Inter-level travel time spent in this place.
 D = Time resting spent in this place.
 E = Time spent auto-exploring this place.
 F = Levels seen in this place.
 G = Mean time per level.
                   A        B        C        D        E       F      G
               +--------+--------+--------+--------+--------+-----+--------+
         Total |    539 |    539 |      0 |      0 |    362 |   1 |  539.0 |
       Dungeon |    539 |    539 |      0 |      0 |    362 |   1 |  539.0 |
               +--------+--------+--------+--------+--------+-----+--------+

Top non-repeatable levels by time:
     D:1: 539 daAuts
